 Dungeon Crawl Stone Soup version 0.19.1-1-g22dce08 (webtiles) character file.

625 Lennu the Cudgeler (level 7, -3/72 HPs)
             Began as an Ogre Fighter on Jan 4, 2017.
             Slain by Prince Ribbit (13 damage)
             ... on level 5 of the Dungeon.
             The game lasted 00:19:59 (5108 turns).

Lennu the Cudgeler (Ogre Fighter)                   Turns: 5108, Time: 00:20:00

Health: -3/72      AC: 11    Str: 22 (24) XL:     7   Next: 47%
Magic:  0/7        EV: 14    Int:  6 (7)  God:
Gold:   203        SH:  9    Dex: 10 (11) Spells: 0 memorised, 6 levels left

rFire  . . .     SeeInvis .     m - +1 flail (protect)
rCold  . . .     Gourm    .     d - +1 robe {MR+}
rNeg   . . .     Faith    .     c - +0 shield
rPois  .         Spirit   +     (helmet restricted)
rElec  .         Reflect  .     (no cloak)
rCorr  .         Harm     .     (gloves unavailable)
MR     +....     Clarity  +     (boots unavailable)
Stlth  +.........               r - amulet of guardian spirit
                                k - +2 ring of strength
                                e - +5 ring of evasion

@: protection aura
A: unfitting armour, clarity, tough skin 1
a: no special abilities


You were on level 5 of the Dungeon.
You were not hungry.

You visited 1 branch of the dungeon, and saw 5 of its levels.

You collected 203 gold pieces.

Inventory:

Hand Weapons
 m - a +1 flail of protection (weapon)
Armour
 b - a +0 robe
 c - a +0 shield (worn)
 d - a +1 robe of magic resistance (worn)
Jewellery
 e - a +5 ring of evasion (left hand)
 k - a +2 ring of strength (right hand)
 l - an uncursed ring of ice
 r - an amulet of guardian spirit (around neck)
Scrolls
 a - a scroll of random uselessness {unknown}
 h - 3 scrolls of amnesia
 j - a scroll of remove curse
 p - a scroll of blinking
Potions
 o - 2 potions of brilliance
Comestibles
 f - 2 bread rations
 g - 2 meat rations
 n - a fruit


   Skills:
 * Level 5.4 Fighting
 * Level 7.1 Maces & Flails
 * Level 2.0 Armour
 * Level 4.0 Dodging
 * Level 3.7 Shields


You had 6 spell levels left.
You didn't know any spells.

Dungeon Overview and Level Annotations

Branches:
Dungeon (5/15)
 Temple: D:4-7

Altars:
Ashenzari
Ru
Sif Muna
Xom
Yredelemnul

Annotations:
D:5 Prince Ribbit


Innate Abilities, Weirdness & Mutations

You are too large for most types of armour.
You have tough skin. (AC +1)
You possess an exceptional clarity of mind.


Message History

You closely miss Prince Ribbit.
Prince Ribbit is heavily wounded.
You block Prince Ribbit's attack.
You hit Prince Ribbit but do no damage.
Prince Ribbit is heavily wounded.
You block Prince Ribbit's attack.
Prince Ribbit lets out a mournful croak.
Prince Ribbit hits you!
You hit Prince Ribbit.
Prince Ribbit is heavily wounded.
Prince Ribbit misses you.
You miss Prince Ribbit.
Prince Ribbit is heavily wounded.
Prince Ribbit hits you!
* * * LOW HITPOINT WARNING * * *
Prince Ribbit closely misses you.
You closely miss Prince Ribbit.
Prince Ribbit is heavily wounded.
Prince Ribbit hits you!
You die...

*****,***,,**,,,**,,*,,,.,,,,,.
*,* **,,**,**,,***#,#.****# *,*
*,*,,***,,*,* #.*.### # ****,*
**,*,,*,,*,** #.#,..# # *,,,,*
*,*,*,,,*,*,* #..##.# #
*,*,,***##############...#.###
*,,,,,,,+.........+...........
**,,,***#.........#**#........
***,,** ##...@F..## ##..#.###
*,,,** ##.....## ##...# # *,***
##...## #.### # ***,*** ##'##
#.##### ,,,,,,* #.# #......
,**,*,*##* #.# ### #.#####
,**,*,##.#* ##.####.## #.#
,**.#.#...## ##...##...## #.#
,**........###..........###.#


You could see Prince Ribbit.

Vanquished Creatures
  2 centaurs (D:5)
  Blork the orc (D:5)
  A howler monkey (D:4)
  A hound (D:5)
  An orc priest (D:4)
  Natasha (thrice) (D:4)
  A worker ant (D:5)
  2 orc wizards
  A hound zombie (D:3)
  3 gnolls (D:3)
  An adder (D:2)
  An ooze (D:1)
  A worm (D:3)
  3 dart slugs (D:1)
  4 leopard geckos
  9 orcs
  7 bats
  A giant cockroach (D:4)
  11 goblins
  9 hobgoblins
  2 jackals (D:3)
  11 kobolds
  A quokka (D:3)
  3 ball pythons (D:1)
  2 frilled lizards (D:2)
  A leopard gecko skeleton (D:5)
  3 rats
  2 bushes (D:2)
88 creatures vanquished.

Notes
Turn   | Place    | Note
-------+----------+-------------------------------------------
     0 | D:1      | Lennu the Ogre Fighter began the quest for the Orb.
     0 | D:1      | Reached XP level 1. HP: 24/24 MP: 1/1
   286 | D:1      | Reached XP level 2. HP: 28/32 MP: 2/2
   433 | D:1      | Found a shimmering altar of Xom.
   435 | D:1      | Found a sacrificial altar of Ru.
   435 | D:1      | Found a shattered altar of Ashenzari.
   437 | D:1      | Found a deep blue altar of Sif Muna.
   437 | D:1      | Found a shimmering altar of Xom.
   437 | D:1      | Found a basalt altar of Yredelemnul.
   509 | D:1      | Reached skill level 3 in Maces & Flails
   572 | D:1      | Reached XP level 3. HP: 30/40 MP: 3/3
  1959 | D:2      | Reached XP level 4. HP: 35/49 MP: 4/4
  2495 | D:3      | Reached skill level 4 in Maces & Flails
  2660 | D:3      | Reached skill level 1 in Armour
  2964 | D:3      | Reached XP level 5. HP: 55/55 MP: 5/5
  3415 | D:4      | Reached skill level 5 in Maces & Flails
  3415 | D:4      | Reached XP level 6. HP: 59/63 MP: 6/6
  3574 | D:4      | Noticed Natasha
  3588 | D:4      | Killed Natasha
  3722 | D:4      | Noticed Natasha
  3733 | D:4      | Killed Natasha
  3768 | D:4      | Noticed Natasha
  3774 | D:4      | Killed Natasha
  3819 | D:4      | Gained mutation: You possess an exceptional clarity of mind. [potion of beneficial mutation]
  3971 | D:5      | Entered Level 5 of the Dungeon
  4051 | D:5      | Noticed Prince Ribbit
  4329 | D:5      | Reached skill level 5 in Fighting
  4329 | D:5      | Reached skill level 6 in Maces & Flails
  4533 | D:5      | Noticed Blork the orc
  4539 | D:5      | Reached XP level 7. HP: 50/72 MP: 3/7
  4561 | D:5      | Killed Blork the orc
  4747 | D:5      | Reached skill level 7 in Maces & Flails
  5108 | D:5      | Slain by Prince Ribbit

Skill      XL: |  1  2  3  4  5  6  7 |
---------------+----------------------+-----
Maces & Flails | 3 4 5 6 7 |  7.1
Dodging        | 3 4 |  4.0
Shields        | 3 |  3.7
Armour         | 1 2 |  2.0
Fighting       | 5 |  5.4

Action                   |  1- 3 |  4- 6 |  7- 9 || total
-------------------------+-------+-------+-------++-------
Melee: Flail             |   166 |   309 |    61 ||   536
  Use: Scroll            |     4 |     5 |       ||     9
       Potion            |     1 |     7 |     1 ||     9
 Stab: Sleeping          |     1 |       |       ||     1
  Eat: Chunk             |     2 |     6 |     2 ||    10
       Bread ration      |     1 |       |       ||     1
Armor: Robe              |    37 |    14 |    11 ||    62
Dodge: Dodged            |    66 |    90 |    27 ||   183
Block: Shield            |    76 |    78 |    20 ||   174
